 Dungeon Crawl Stone Soup version 0.28.0-62-gf88900778d (webtiles) character file.

Game seed: 11970716834324482461

146819 Froggeryz the Spry (level 17, -8/133 HPs)
             Began as an Octopode Berserker on Sept 1, 2023.
             Was the Champion of Trog.
             Killed from afar by a fire giant (29 damage)
             ... with a fireball
             ... on level 15 of the Dungeon on Sept 2, 2023.
             The game lasted 00:54:06 (36014 turns).

Froggeryz the Spry (Octopode Berserker)            Turns: 36014, Time: 00:54:07

Health: -8/133     AC:  6    Str: 28    XL:     17   Next: 45%
Magic:  17/17      EV: 33    Int: 15    God:    Trog [******]
Gold:   1193       SH: 10    Dex: 24    Spells: 16/16 levels left

rFire   . . .      SeeInvis +   L - +8 quick blade (flame)
rCold   + . .      Faith    .   b - +3 buckler of the Hart {rPois}
rNeg    . . .      Spirit   .   U - +1 hat
rPois   +          Reflect  .   (no amulet)
rElec   .          Harm     .   c - +4 ring of slaying
rCorr   .          Rampage  .   e - +4 ring of evasion
Will    +++++                   h - +4 ring of protection
Stlth   +++++++...              k - ring of protection from cold
HPRegen 1.32/turn               X - +6 ring of dexterity
MPRegen 0.15/turn               P - ring "Tueghe" {*Corrode Will+ Str+6 Int+4 SInv}
                                r - ring of willpower
                                n - +6 ring of strength

@: about to teleport, strong-willed, regenerating, studying Axes
A: almost no armour, amphibious, 8 rings, camouflage 1, gelatinous body 1,
(nimble swimmer 1), tentacles
a: Renounce Religion, Berserk, Trog's Hand, Brothers in Arms


You were on level 15 of the Dungeon.
You worshipped Trog.
Trog was exalted by your worship.
You visited 4 branches of the dungeon, and saw 24 of its levels.
You also visited: Gauntlet and Ice Cave.

You collected 3041 gold pieces.
You spent 1848 gold pieces at shops.

Inventory:

Hand Weapons
 i - a +0 short sword of draining
 q - a +8 antimagic rapier
 x - a +1 short sword of venom
 I - a +7 quick blade
 L - a +8 quick blade of flaming (weapon)
 S - the +3 dagger "Moheo" {freeze, rC++ SInv}
   (You found it in a Gauntlet)

   It freezes those it strikes, dealing additional cold damage.
   It can also slow down cold-blooded creatures.
   rC:        It greatly protects you from cold.
   SInv:      It lets you see invisible.
Missiles
 s - 13 javelins
 A - 10 curare-tipped darts
 B - 6 poisoned darts (quivered)
 N - 11 boomerangs
 O - 2 boomerangs of dispersal
 V - 5 silver javelins
Armour
 b - the +3 buckler of the Hart (worn) {rPois}
   (You acquired it on level 6 of the Dungeon)

   rPois:     It protects you from poison.
 K - a +0 tower shield of cold resistance
 U - a +1 hat (worn)
Jewellery
 c - a +4 ring of slaying (left tentacle)
 e - a +4 ring of evasion (right tentacle)
 h - a +4 ring of protection (on tentacle)
 k - a ring of protection from cold (on tentacle)
 n - a +6 ring of strength (on tentacle)
 r - a ring of willpower (on tentacle)
 G - a ring of poison resistance
 P - the ring "Tueghe" (on tentacle) {*Corrode Will+ Str+6 Int+4 SInv}
   (You found it in an ice cave)

   [ring of strength]

   Str:       It affects your strength (+6).
   Int:       It affects your intelligence (+4).
   SInv:      It lets you see invisible.
   *Corrode:  It may corrode you when you take damage.
   Will:      It increases your willpower.
 X - a +6 ring of dexterity (on tentacle)
 Y - a ring of flight
Wands
 u - a wand of acid (12)
 w - a wand of iceblast (26)
 y - a wand of polymorph (22)
 E - a wand of flame (18)
Scrolls
 g - 3 scrolls of blinking
 j - 3 scrolls of magic mapping
 o - 5 scrolls of teleportation
 p - 6 scrolls of fog
 t - 5 scrolls of enchant armour
 D - a scroll of holy word
 F - a scroll of immolation
 J - 2 scrolls of summoning
 Q - 3 scrolls of brand weapon {unknown}
 R - a scroll of noise
 Z - 2 scrolls of identify
Potions
 a - 2 potions of magic
 d - 2 potions of ambrosia
 f - 4 potions of haste
 l - 6 potions of mutation
 m - 6 potions of might
 v - a potion of flight
 z - 3 potions of cancellation
 C - 5 potions of curing
 H - 2 potions of attraction
Miscellaneous
 M - a condenser vane
 W - a tin of tremorstones (2/2)


   Skills:
 + Level 17.5 Fighting
 - Level 12.0 Short Blades
 - Level 12.6 Throwing
 + Level 18.0 Dodging
 - Level 12.1 Stealth
 * Level 7.3 Shields
 - Level 5.1 Evocations


You had 16 spell levels left.
You didn't know any spells.
Your spell library was empty.

Dungeon Overview and Level Annotations

Branches:
Dungeon (15/15)            Temple (1/1) D:4            Lair (6/6) D:8
  Swamp (0/4) Lair:2       Spider (0/4) Lair:3        Slime (0/5) Lair:6
    Orc (2/2) D:11            Elf (0/3) Orc:2        Vaults (0/5) D:14
 Depths (0/4) D:15          IceCv (visited)         Gauntlet (visited)

Altars:
Cheibriados
Elyvilon
Hepliaklqana
Ru
Uskayaw
Vehumet
Yredelemnul
Zin

Shops:
D:4 *   D:6 *   Orc:2 [(*:

Portals:
Abyss: D:10

Annotations:
D:8 5 transporters
D:14 exclusion: door
Lair:3 exclusion: oklob plant


Innate Abilities, Weirdness & Mutations

You cannot wear most types of armour.
You are amphibious.
You can wear up to eight rings at the same time.
Your skin changes colour to match your surroundings (Stealth+).
Your rubbery body absorbs attacks. (AC +1, EV +1)
((You are camouflaged when in or above water. (Stealth+)))
You have tentacles for arms and can constrict up to eight enemies at once.


Message History

The fire giant points at you and mumbles some strange words.
The bolt of fire hits you!!
You hear a shout!
You are too injured to fight recklessly!
The yaktaur captain shoots a bolt.
You block the bolt.
You hear a shout!
Okay, then.
Okay, then.
The yaktaur captain shoots a bolt.
The bolt hits you!!!
* * * LOW HITPOINT WARNING * * *
As you read the scroll of fear, it crumbles to dust.
You assume a fearsome visage.
The yaktaur captain looks frightened!
As you read the scroll of teleportation, it crumbles to dust.
You feel strangely unstable.
You puncture the fire giant!
You squeeze the fire giant, but do no damage.
The fire giant is lightly wounded.
You puncture the fire giant! You burn the fire giant.
The fire giant is moderately wounded.
You block the fire giant's attack.
You puncture the fire giant!
The fire giant is moderately wounded.
You hit the fire giant.
You squeeze the fire giant, but do no damage.
The fire giant is moderately wounded.
You hit the fire giant.
The fire giant is moderately wounded.
The fire giant hits you with a +1 great sword of flaming.
* * * LOW HITPOINT WARNING * * *
The fire giant burns you.
* * * LOW HITPOINT WARNING * * *
You impale the fire giant!!
The fire giant is heavily wounded.
You hit the fire giant. Your squeeze misses the fire giant.
The fire giant is severely wounded.
You hit the fire giant.
The fire giant is severely wounded.
The fire giant gestures at you while chanting.
The fireball explodes!
The fireball engulfs you!!
You die...

≈≈≈≈ ##'..<.......§
.(((##.#'......##§§ #
.....'#.#'....#..[≈ #≈
#..'#|#'...#...≈ ##≈
##...)#.##......§ #≈≈[
##....†+###§§§≈§≈≈
##≈..##.......# ≈#######
#≈≈...C..).##..§########
##≈...#@..###..≈##......
#≈≈..###.## ...≈##..<...
##≈.. #..# #..≈##.>..#.
#≈≈C ..... .§§§##..<...
##≈:[§.[... ..§≈##......
##≈≈≈§§≈§≈≈ #......
##≈#≈#§#≈#≈ #..#.##
########### ######


You could see a fire giant.

Vanquished Creatures
  A sphinx (D:15)
  Kirke (Lair:4)
  Frances (D:12)
  A fire giant (D:15)
  An orc warlord (Orc:2)
  A reaper (IceCv)
  2 very ugly things (D:15)
  A minotaur (Gauntlet)
  2 dire elephants (Lair:6)
  Azrael (D:13)
  2 ettins
  A fire dragon (D:14)
  2 yaktaur captains (D:15)
  An ice dragon (D:12)
  8 boulder beetles
  19 hydras
  4 vault guards (D:14)
  A hell beast (Gauntlet)
  3 ogre magi (D:15)
  Erolcha (Orc:2)
  A radroach (shapeshifter) (D:10)
  15 centaur warriors
  7 two-headed ogres
  2 tengu warriors
  5 death yaks (Lair:5)
  An orc high priest (Orc:2)
  Urug (Lair:5)
  Sonja (Lair:4)
  A spectral death yak (Lair:6)
  The ghost of hitsuchi the Zephyrmancer, a novice TeAE of Lugonu (D:10)
  A shadow wraith (D:15)
  2 fire crabs
  A flayed ghost (D:15)
  A spectral anaconda (Lair:6)
  A deep troll (D:15)
  3 wizards
  Pikel (D:9)
  3 necromancers (Lair:6)
  5 orc knights
  A phantasmal warrior (D:15)
  An obsidian statue (Lair:6)
  19 ugly things
  5 orc sorcerers
  4 deep elf pyromancers
  A deep elf zephyrmancer (D:15)
  8 cyclopes
  7 manticores
  4 black mambas
  2 ice statues (IceCv)
  A dire elephant zombie (Lair:6)
  14 elephants
  An eye of devastation (Gauntlet)
  A black mamba (shapeshifter) (D:15)
  2 toenail golems (D:10)
  2 torpor snails
  14 cane toads
  A dire elephant skeleton (Lair:6)
  A cane toad (shapeshifter) (D:14)
  2 kobold demonologists
  7 rime drakes
  An unseen horror (D:12)
  4 komodo dragons
  5 tengu conjurers
  2 efreet
  3 yaktaurs (D:13)
  3 ice devils (IceCv)
  3 entropy weaver simulacra (IceCv)
  An anaconda simulacrum (IceCv)
  3 freezing wraiths
  A queen bee (Lair:4)
  5 meliai
  3 trolls
  5 polar bears
  2 tyrant leeches (Lair:2)
  A polar bear (shapeshifter) (D:15)
  15 blink frogs
  A wind drake (shapeshifter) (D:15)
  16 slime creatures
  A tarantella (shapeshifter) (D:15)
  Prince Ribbit (D:8)
  3 dream sheep (Lair:4)
  A jumping spider (shapeshifter) (D:15)
  2 spectral elephants (Lair:6)
  A shadow (D:13)
  2 wraiths
  4 dire elephant simulacra (IceCv)
  3 hogs (Lair:4)
  3 vampires
  6 wyverns
  5 fire elementals (D:13)
  52 yaks
  A golden eye (Gauntlet)
  2 redbacks (Lair:3)
  6 basilisks
  A steam dragon (D:7)
  7 vampire mosquitoes
  3 death yak simulacra
  3 acid dragons
  3 swamp worms (Lair:2)
  2 harpy simulacra (IceCv)
  20 water moccasins
  2 wargs (Orc:2)
  A floating eye (Gauntlet)
  2 hell hounds
  3 ice beasts
  4 black bears
  21 orc warriors
  2 elephant zombies (Lair:6)
  3 sky beasts (D:7)
  5 boggarts
  15 ogres
  7 centaurs
  37 wolves
  4 phantoms
  3 lemures (D:9)
  A small abomination (D:10)
  Blork the orc (D:6)
  6 bullfrogs
  A kobold brigand (D:9)
  2 gnoll sergeants
  5 scorpions
  2 cane toad simulacra (Lair:6)
  5 wights
  18 killer bees
  4 centaur zombies
  A bullfrog zombie (D:5)
  17 jellies
  28 orc priests
  A hound (D:4)
  An iron imp (D:13)
  A centaur skeleton (D:6)
  4 gnoll shamans
  2 iguanas (D:5)
  37 orc wizards
  2 spriggan simulacra (IceCv)
  A statue (D:4)
  2 wolf simulacra (IceCv)
  A killer bee zombie (D:6)
  6 ogre zombies (D:11)
  A hound zombie (D:5)
  2 hound skeletons (D:5)
  A howler monkey zombie (D:10)
  10 adders
  22 gnolls
  2 shadow imps
  A white imp (D:8)
  2 ufetubi (D:5)
  An adder skeleton (D:4)
  2 worms (D:2)
  4 dart slugs
  63 orcs
  6 endoplasms
  2 giant cockroaches (D:1)
  6 goblins
  19 hobgoblins
  5 kobolds
  3 quokkas
  9 ball pythons
  4 bats
  5 frilled lizards
  A goblin skeleton (D:11)
  2 goblin zombies (D:11)
  3 hobgoblin zombies (D:11)
  2 orc skeletons (D:11)
  11 orc zombies (D:11)
  7 rats
865 creatures vanquished.

Vanquished Creatures (collateral kills)
  An ugly thing (D:13)
  5 wolves (Lair:4)
6 creatures vanquished.

Vanquished Creatures (others)
  2 boulder beetles
  An ugly thing (D:14)
  3 killer bees (Lair:4)
  2 bushes
  82 fungi
  90 plants
  16 withered plants
196 creatures vanquished.

Grand Total: 1067 creatures vanquished

Notes
Turn   | Place    | Note
-------+----------+-------------------------------------------
     0 | D:1      | Froggeryz the Octopode Berserker began the quest for the
                  | Orb.
     0 | D:1      | Reached XP level 1. HP: 16/16 MP: 1/1
   240 | D:1      | Reached XP level 2. HP: 21/21 MP: 2/2
   653 | D:1      | You fall into a shaft and drop 1 floor!
   884 | D:2      | Reached XP level 3. HP: 26/26 MP: 3/3
  1366 | D:2      | Found a faded altar of an unknown god.
  1627 | D:2      | Reached ** piety under Trog
  1936 | D:3      | Reached XP level 4. HP: 31/31 MP: 4/4
  2302 | D:3      | Found a hazy altar of Hepliaklqana.
  2426 | D:3      | Found a white marble altar of Elyvilon.
  2426 | D:3      | Found a sacrificial altar of Ru.
  2472 | D:4      | Reached XP level 5. HP: 36/37 MP: 5/5
  2512 | D:4      | Found Luonec's Lightly-Used Armoury.
  2590 | D:4      | Noticed an ogre
  2599 | D:4      | Killed an ogre
  2600 | D:4      | Reached skill level 5 in Short Blades
  2859 | D:4      | Reached XP level 6. HP: 42/43 MP: 6/6
  2940 | D:4      | Found a staircase to the Ecumenical Temple.
  2970 | D:4      | Reached skill level 4 in Dodging
  3020 | D:4      | Found a radiant altar of Vehumet.
  3434 | Temple   | Entered the Ecumenical Temple
  3444 | D:5      | Entered Level 5 of the Dungeon
  3571 | D:5      | Reached XP level 7. HP: 24/49 MP: 7/7
  3931 | D:5      | Reached skill level 5 in Fighting
  4356 | D:5      | Reached *** piety under Trog
  4461 | D:5      | Reached skill level 5 in Dodging
  4463 | D:5      | Reached XP level 8. HP: 29/55 MP: 8/8
  5453 | D:6      | Noticed Blork the orc
  5462 | D:6      | Killed Blork the orc
  5810 | D:6      | Found Bas Vewk's Serpentskin Sales.
  5818 | D:6      | Reached skill level 6 in Dodging
  6054 | D:6      | Reached XP level 9. HP: 62/62 MP: 9/9
  7378 | D:7      | Reached **** piety under Trog
  7379 | D:7      | Reached skill level 7 in Dodging
  7436 | D:7      | Reached skill level 1 in Stealth
  7555 | D:8      | Reached skill level 10 in Short Blades
  7736 | D:8      | Found a transporter.
  7739 | D:8      | Found a transporter.
  7829 | D:8      | Found a transporter.
  7830 | D:8      | Found a transporter.
  7933 | D:8      | Reached XP level 10. HP: 66/71 MP: 10/10
  7933 | D:8      | Noticed Prince Ribbit
  7946 | D:8      | Killed Prince Ribbit
  8460 | D:8      | Found a transporter.
  8464 | D:8      | Found a transporter.
  8579 | D:8      | Found a staircase to the Lair.
  8928 | D:9      | Reached skill level 5 in Stealth
  9148 | D:9      | Noticed Pikel
  9165 | D:9      | Killed Pikel
  9710 | D:9      | Reached XP level 11. HP: 60/76 MP: 11/11
 10109 | D:9      | Reached skill level 1 in Throwing
 10119 | D:9      | Noticed a two-headed ogre
 10126 | D:9      | Killed a two-headed ogre
 10331 | D:10     | Entered Level 10 of the Dungeon
 10331 | D:10     | Noticed a two-headed ogre
 10333 | D:10     | Killed a two-headed ogre
 10374 | D:10     | Reached ***** piety under Trog
 10501 | D:10     | Found the +2 ratskin cloak {*Rats rPois rN+ Str-1 Int-1
                  | Dex+1}
 10796 | D:10     | Noticed a two-headed ogre
 10802 | D:10     | Killed a two-headed ogre
 10862 | D:10     | Found a transporter.
 10877 | D:10     | Noticed a wizard
 10888 | D:10     | Found a transporter.
 10991 | D:10     | Found a one-way gate to the infinite horrors of the Abyss.
 10991 | D:10     | Noticed hitsuchi's ghost (novice TeAE)
 11530 | D:11     | Noticed a cyclops
 11538 | D:11     | Reached skill level 8 in Dodging
 11783 | D:6      | Bought a ring of poison resistance for 220 gold pieces
 11790 | D:6      | Identified a scroll of acquirement
 11795 | D:6      | Acquired the +3 buckler of the Hart {rPois}
 11849 | Lair:1   | Entered Level 1 of the Lair of Beasts
 12023 | Lair:1   | Reached skill level 1 in Shields
 12170 | Lair:1   | Reached skill level 10 in Fighting
 13069 | Lair:2   | Reached XP level 12. HP: 75/87 MP: 12/12
 13256 | Lair:2   | Reached skill level 5 in Shields
 13881 | Lair:2   | Found a staircase to the Swamp.
 14360 | Lair:2   | Reached skill level 1 in Evocations
 15739 | Lair:3   | Received a gift from Trog
 15839 | Lair:3   | Found a hole to the Spider Nest.
 15840 | Lair:3   | Noticed a boulder beetle
 16048 | Lair:3   | Killed a boulder beetle
 16049 | Lair:3   | Reached skill level 10 in Stealth
 16109 | Lair:3   | Reached XP level 13. HP: 54/95 MP: 13/13
 16470 | Lair:3   | Reached skill level 5 in Throwing
 16470 | Lair:3   | Reached skill level 5 in Evocations
 16961 | Lair:4   | Reached skill level 9 in Dodging
 17086 | Lair:4   | Noticed Sonja
 17109 | Lair:4   | Killed Sonja
 18361 | Lair:4   | Noticed Kirke
 18376 | Lair:4   | HP: 4/97 [lindwurm/blast of flame[Kirke] (41)]
 18880 | Lair:4   | Killed Kirke
 19400 | Lair:4   | Reached skill level 10 in Dodging
 19469 | Lair:5   | Noticed Urug
 19483 | Lair:5   | Killed Urug
 19826 | Lair:5   | Reached XP level 14. HP: 104/104 MP: 14/14
 20613 | Lair:6   | Entered Level 6 of the Lair of Beasts
 20645 | Lair:6   | HP: 2/104 [cane toad (4)]
 21079 | Lair:5   | Received a gift from Trog
 21410 | Lair:6   | Reached skill level 11 in Dodging
 21473 | Lair:6   | Found a staircase to the Slime Pits.
 22289 | Lair:6   | Noticed a dire elephant
 22309 | Lair:6   | Killed a dire elephant
 22468 | Lair:6   | Noticed a dire elephant
 23281 | Lair:6   | Killed a dire elephant
 24140 | D:10     | Killed hitsuchi's ghost
 24141 | D:10     | Reached skill level 12 in Dodging
 24387 | D:11     | Reached XP level 15. HP: 109/112 MP: 15/15
 24440 | D:11     | Reached skill level 10 in Throwing
 24480 | D:11     | Found a staircase to the Orcish Mines.
 25233 | D:12     | Found a frozen archway.
 25339 | IceCv    | Entered an ice cave
 26236 | IceCv    | Identified the ring "Tueghe" {*Corrode Will+ Str+6 Int+4
                  | SInv}
 26412 | D:12     | Reached skill level 13 in Dodging
 26416 | D:12     | Reached ****** piety under Trog
 27045 | D:11     | Received a gift from Trog
 27606 | Orc:1    | Entered Level 1 of the Orcish Mines
 27641 | Orc:1    | Reached skill level 15 in Fighting
 28458 | Orc:2    | Entered Level 2 of the Orcish Mines
 28458 | Orc:2    | Noticed Erolcha
 28458 | Orc:2    | Found a staircase to the Elven Halls.
 28465 | Orc:2    | Killed Erolcha
 28981 | Orc:2    | Noticed an orc warlord
 29070 | Orc:2    | Killed an orc warlord
 29502 | Orc:2    | Received a gift from Trog
 29925 | Orc:2    | Found Mosesm's General Store.
 29925 | Orc:2    | Found Rotoett's Antique Armour Boutique.
 29926 | Orc:2    | Found Dimot's Antique Weapon Boutique.
 29929 | Orc:2    | Found Lorux's Book Shop.
 29955 | Orc:2    | Bought a scroll of identify for 24 gold pieces
 30616 | Orc:2    | Bought a manual of Dodging for 1280 gold pieces
 30617 | Orc:2    | Bought a scroll of enchant armour for 90 gold pieces
 30617 | Orc:2    | Bought a scroll of magic mapping for 42 gold pieces
 30617 | Orc:2    | Bought 2 potions of cancellation for 192 gold pieces
 30790 | D:13     | Reached skill level 14 in Dodging
 31084 | D:13     | Noticed Frances
 31143 | D:12     | Killed Frances
 31410 | D:13     | Noticed Azrael
 31432 | D:13     | Received a gift from Trog
 31457 | D:13     | Killed Azrael
 31620 | D:13     | Found a snail-covered altar of Cheibriados.
 31722 | D:13     | Reached XP level 16. HP: 124/124 MP: 16/16
 31723 | D:13     | Identified the +2 scale mail of Terror {rC+ Str+4}
 32119 | D:14     | Found a gate to the Vaults.
 32165 | D:14     | Reached skill level 15 in Dodging
 32431 | D:14     | Found a gate leading to a gauntlet.
 32446 | Gauntlet | Entered a Gauntlet
 32446 | Gauntlet | Found a transporter.
 32446 | Gauntlet | Found a transporter.
 32448 | Gauntlet | Found a transporter.
 32448 | Gauntlet | Found a transporter.
 32558 | Gauntlet | Found a transporter.
 32562 | Gauntlet | Found a runed translucent door.
 32562 | Gauntlet | Found a runed translucent door.
 32566 | Gauntlet | Found a transporter.
 32570 | Gauntlet | Found a transporter.
 32579 | Gauntlet | Found a transporter.
 32598 | Gauntlet | Found a runed translucent gate.
 32599 | Gauntlet | Found a transporter.
 32599 | Gauntlet | Found a runed translucent gate.
 32600 | Gauntlet | Found a runed translucent gate.
 32616 | Gauntlet | Found a transporter.
 32620 | Gauntlet | Found a transporter.
 32631 | Gauntlet | Found a transporter.
 32707 | Gauntlet | Identified the +3 dagger "Moheo" {freeze, rC++ SInv}
 32754 | Gauntlet | Identified the +3 pair of boots "Zungato" {*Corrode rC+
                  | Str+4}
 32767 | Gauntlet | Identified the ring of Wuriuceg {Ice Str+2}
 32783 | Gauntlet | Identified the +7 glaive "Vuvoqolu" {antimagic, rC+++ Int-2
                  | SInv Stlth+}
 32812 | Gauntlet | Identified the +1 leather armour of the Realm of Zot
                  | {+Blink Regen+}
 32814 | Gauntlet | Identified the +1 robe of Carved Joy {rCorr Str+2}
 33169 | D:14     | Received a gift from Trog
 33406 | D:14     | Reached skill level 16 in Dodging
 33606 | D:14     | Found a glowing silver altar of Zin.
 33642 | D:15     | Entered Level 15 of the Dungeon
 34128 | D:15     | Noticed a sphinx
 34136 | D:15     | Killed a sphinx
 34152 | D:15     | Found a staircase to the Depths.
 34593 | D:15     | Found a basalt altar of Yredelemnul.
 34594 | D:15     | Found a glowing silver altar of Zin.
 34595 | D:15     | Found a hide-covered altar of Uskayaw.
 34924 | D:15     | Reached skill level 17 in Dodging
 34945 | D:15     | Reached XP level 17. HP: 132/132 MP: 17/17
 35980 | D:15     | Reached skill level 18 in Dodging
 36014 | D:15     | Killed from afar by a fire giant

Illustrated notes

Levels and vault maps discovered:
D:1:      nzn_arrival_water_spiral, layout_basic
D:2:      minmay_diamond_boxcup, layout_loops_corners,
          shapermc_ecumenical_altar_pompeii, minmay_door_square,
          dk_noncrumbling_3
D:3:      layout_rooms, gammafunk_temple_overflow_wave,
          worldfamousw_hep_ancestral_shrine
D:4:      layout_basic, vehumet_statue, minmay_temple_entry_tees,
          grunt_decor_arrowhead, st_stairs_12, minmay_shop_damaged
D:5:      minmay_chambers_of_threes, layout_basic, minmay_manual_macuahuitl
D:6:      layout_basic, guppyfry_shop_venom, uniq_blork_the_orc
D:7:      layout_loops_ring
D:8:      layout_loops_cross, grunt_lair_entry_orc_guard_hut,
          minmay_misc_feat_chi, serial_nicolae_subway,
          nicolae_sub_station_crystal, nicolae_sub_station_metal,
          nicolae_sub_station_stone, uniq_prince_ribbit1
D:9:      layout_stronghold, uniq_pikel
D:10:     layout_roguey, gammafunk_ghost_abyssal_escape
D:11:     layout_roguey, zombieorc1_lemuel
D:12:     layout_cave_pools, portal_ice_cave_entry_animals_and_master
D:13:     layout_basic, slow_altar_2, uniq_azrael, uniq_frances
D:14:     layout_rooms, lightli_vaults_fourway_checkpoint,
          gauntlet_entry_generic, zin_angel, minmay_microvault
D:15:     hangedman_slaughterboxes
Temple:   mainiacjoe_temple_coin_purse
Lair:1:   layout_concentric_octagons, serial_bayou_shore_a, grunt_megastairs_1,
          infiniplex_staircase_pool_2, serial_bayou_shore_b
Lair:2:   layout_loops_ring, minmay_swamp_entry_worms, serial_bayou_shore_b
Lair:3:   layout_gridlike, spider_nest_entry_webs, minmay_lair_oklob_bushes,
          grunt_megastairs_3
Lair:4:   layout_roguey [special_room_bee], lemuel_fruit_fields,
          lemuel_fruit_tree, lemuel_fruit_fields, uniq_sonja, uniq_kirke
Lair:5:   layout_long_grid, columned_hall_lemuel, minivault_11,
          chequers_serial_rivers_room_a, uniq_urug
Lair:6:   due_jungle_book, layout_regular_city, minmay_slime_entry_jelly_boxes,
          wad_woods_03
Orc:1:    cheibrodos_orc_bank, layout_diamond_mine, nicolae_orc_damp_corner
Orc:2:    st_orc_mages, layout_caves, uniq_erolcha

Skill      XL: |  1  2  3  4  5  6  7  8  9 10 11 12 13 14 15 16 17 |
---------------+----------------------------------------------------+-----
Short Blades   | 4 5 7 8 10 12 | 12.0
Fighting       | 4 5 6 7 8 10 11 12 13 15 17 | 17.5
Dodging        | 4 5 6 7 8 10 12 14 17 18 | 18.0
Stealth        | 3 7 9 10 12 | 12.1
Throwing       | 3 4 7 9 10 11 12 | 12.6
Shields        | 4 7 |  7.3
Evocations     | 4 5 |  5.1

Action                   |  1- 3 |  4- 6 |  7- 9 | 10-12 | 13-15 | 16-18 || total
-------------------------+-------+-------+-------+-------+-------+-------++-------
Melee: Short sword       |    65 |    72 |   245 |   612 |   488 |       ||  1482
       Constrict         |    14 |    18 |    48 |    88 |   148 |    55 ||   371
       Tentacles         |     8 |    13 |    59 |   201 |   448 |   214 ||   943
       Punch             |       |       |     3 |    17 |    33 |    14 ||    67
       Unarmed           |       |       |       |       |     1 |       ||     1
       Quick blade       |       |       |       |       |   856 |   560 ||  1416
Throw: Javelin           |       |       |     2 |       |     6 |     5 ||    13
       Dart              |       |       |       |     7 |    14 |     3 ||    24
Invok: Berserk           |       |     1 |     1 |     3 |    18 |     2 ||    25
       Trog's Hand       |       |       |     1 |     2 |    10 |     2 ||    15
Evoke: Wand              |       |       |       |     2 |     7 |     3 ||    12
       Condenser vane    |       |       |       |       |       |     1 ||     1
  Use: Scroll            |       |       |     2 |    15 |    10 |     3 ||    30
       Potion            |       |       |       |       |     2 |       ||     2
 Stab: Sleeping          |    13 |     9 |     7 |    16 |    47 |    15 ||   107
       Distracted        |       |       |     1 |     3 |     7 |     4 ||    15
Armor: Skin              |     3 |     4 |    25 |    30 |    39 |    17 ||   118
Dodge: Dodged            |    36 |    36 |   150 |   254 |   543 |   225 ||  1244
Block: Buckler           |       |       |       |    52 |   307 |   129 ||   488
